 Dungeon Crawl Stone Soup version 0.23.2-40-g277498a001 (webtiles) character file.

Game seed: 579222816393006362

12581 Marnok the Carver (level 11, -3/99 HPs)
             Began as a Minotaur Fighter on Oct 19, 2019.
             Was a Priest of Wu Jian.
             Slain by a gargoyle
             ... wielding a +0 dire flail
              (19 damage)
             ... on level 11 of the Dungeon.
             The game lasted 00:31:55 (10766 turns).

Marnok the Carver (Minotaur Fighter)               Turns: 10766, Time: 00:31:55

Health: -3/99      AC: 13    Str: 22    XL:     11   Next: 64%
Magic:  10/10      EV: 10    Int: 13    God:    Wu Jian [***...]
Gold:   540        SH: 14    Dex: 11    Spells: 10/10 levels left

rFire    x . .     SeeInvis .   C - +10 double sword of Xutiesch {drain, rF- MR++ Int+7}
rCold    . . .     Gourm    .   A - +2 shield
rNeg     . . .     Faith    .   Q - +2 chain mail {rPois}
rPois    +         Spirit   .   (helmet restricted)
rElec    .         Reflect  .   (no cloak)
rCorr    .         Harm     .   p - +0 pair of gloves
MR       ++...                  (no boots)
Stlth    ..........             (no amulet)
HPRegen  0.26/turn              (no ring)
MPRegen  0.12/turn              (no ring)

@: no status effects
A: retaliatory headbutt, horns 2
a: Wall Jump, Serpent's Lash, Renounce Religion


You were on level 11 of the Dungeon.
You worshipped Wu Jian.
Wu Jian was most pleased with you.
You were not hungry.

You visited 2 branches of the dungeon, and saw 13 of its levels.

You collected 720 gold pieces.
You spent 180 gold pieces at shops.

Inventory:

Hand Weapons
 o - a +7 spear
 r - a +4 quarterstaff of chaos
 t - the +3 quarterstaff of Uheurgh {speed, *Contam +Inv rF+ Dex+4, unknown}
   (You found it on level 8 of the Dungeon)

   Attacks with this weapon are significantly faster.
   It affects your dexterity (+4).
   It protects you from fire.
   It lets you turn invisible.
   It causes magical contamination when unequipped.
 C - the +10 double sword of Xutiesch (weapon) {drain, rF- MR++ Int+7}
   (You found it on level 9 of the Dungeon)

   A truly terrible weapon, it drains the life of those it strikes.
   It affects your intelligence (+7).
   It makes you vulnerable to fire.
   It affects your resistance to hostile enchantments.
 G - a +4 spear
 I - a +3 dagger of chaos
 L - a +2 demon trident
 O - a +2 war axe of chopping
Missiles
 a - 9 tomahawks of returning (quivered)
 c - 3 exploding tomahawks
Armour
 l - a +2 robe
 p - a +0 pair of gloves (worn)
 A - a +2 shield (worn)
 H - a +0 large shield
 M - a +2 scale mail of cold resistance
 Q - a +2 chain mail of poison resistance (worn)
Magical Staves
 N - a cursed staff of summoning {unknown}
Jewellery
 k - an uncursed amulet of rage
 x - a +3 amulet of reflection
 B - a cursed -2 ring of protection {unknown}
 E - an uncursed ring of protection from fire {unknown}
Wands
 w - a wand of digging (6)
 J - a wand of polymorph (2)
 K - a wand of acid (6)
Scrolls
 d - 2 scrolls of magic mapping
 e - 8 scrolls of identify
 g - 10 scrolls of remove curse
 j - a scroll of fear
 m - 3 scrolls of fog
 n - 2 scrolls of blinking
 q - 2 scrolls of immolation
 s - 4 scrolls of teleportation
 v - a scroll of amnesia
 y - a scroll of enchant armour
 P - a scroll of random uselessness {unknown}
Potions
 f - 3 potions of haste
 h - 2 potions of agility
 i - 4 potions of curing
 u - 2 potions of invisibility
 D - a potion of resistance
 F - 2 potions of flight {unknown}
 R - a potion of magic {unknown}
Comestibles
 b - 9 rations
 z - 8 chunks of flesh


   Skills:
 + Level 9.6 Fighting
 + Level 11.5 Long Blades
 + Level 9.2 Polearms
 + Level 6.7 Armour
 + Level 7.0 Dodging
 + Level 4.6 Stealth
 + Level 9.6 Shields


You had 10 spell levels left.
You didn't know any spells.
Your spell library contained the following spells:

 Spells                   Type           Power        Failure   Level  Hunger
 Corona                   Hex            #......      99%         1    ##.....
 Flame Tongue             Conj/Fire      #....        99%         1    ##.....
 Slow                     Hex            #.......     100%        2    ###....
 Throw Flame              Conj/Fire      #.....       100%        2    ###....
 Conjure Flame            Conj/Fire      #.......     100%        3    ####...
 Inner Flame              Hex/Fire       #.......     100%        3    ####...
 Portal Projectile        Hex/Tloc       #.....       100%        3    ####...
 Cause Fear               Hex            #.........   100%        4    #####..
 Leda's Liquefaction      Hex/Erth       #.........   100%        4    #####..
 Sticky Flame             Conj/Fire      #.......     100%        4    #####..
 Fireball                 Conj/Fire      #.........   100%        5    ######.


Dungeon Overview and Level Annotations

Branches:
Dungeon (12/15)            Temple (1/1) D:5            Lair (0/6) D:10
    Orc: D:9-12

Altars:
Ashenzari
Cheibriados
Dithmenos
Elyvilon
Fedhas
Gozag
Hepliaklqana
Kikubaaqudgha
Makhleb
Nemelex Xobeh
Okawaru
Qazlal
Ru
Sif Muna
Trog
Uskayaw
Vehumet
Wu Jian
Xom
Yredelemnul
Zin
The Shining One

Shops:
D:6 :


Innate Abilities, Weirdness & Mutations

You reflexively headbutt those who attack you in melee.
You have a pair of horns on your head.


Message History

The porcupine is moderately wounded.
You block the porcupine's attack.
You are struck by the porcupine's spines.
You slice the porcupine!!
You kill the porcupine!
The Council accepts your kill.
The gargoyle hurls a stone arrow at you.
You block the stone arrow.
You hit the gargoyle but do no damage.
The gargoyle hurls a stone arrow at you.
The stone arrow hits you!
You hit the gargoyle.
The gargoyle is moderately damaged.
The gargoyle hurls a stone arrow at you.
The stone arrow hits you!
* * * LOW HITPOINT WARNING * * *
You slash the gargoyle! You headbutt the gargoyle.
The gargoyle is severely damaged.
The gargoyle hits you with a +0 dire flail!!
You die...

...............#
####.#####.....#
#######........#
#.##.##.##.....'
......#.))..####
#....)...'..<..'
......+....##
#.##.##.##.....#
.)....#...## ###
####.#####.....#
#'#####..## ?.
#...####.....#
†).......# #.
####.##?##.....#
)........#
#[##9##.##.##.##......
......####
#....@....)...##......
.....##
#.##.##.##.##.##......
....## #.
####.#####...... ...<#
.. #...(# #......
###.# ##.
########...... ..#.#
#. ##....... ..#.# ..
####........ ..#.# #.
#.......#### ###<#
#.......#...


You could see a gargoyle.

Vanquished Creatures
  A two-headed ogre (D:11)
  Urug (D:11)
  A tengu warrior (D:11)
  An unseen horror (D:10)
  A deep elf mage (D:11)
  A cyclops (D:9)
  A centaur zombie (D:9)
  Psyche (D:10)
  A merfolk (D:11)
  A hornet (D:10)
  4 hippogriffs
  A shadow (D:11)
  2 wyverns (D:11)
  A vampire (D:11)
  6 yaks
  Eustachio (D:9)
  Grum (D:8)
  A steam dragon (D:7)
  A hungry ghost (D:8)
  A water moccasin (D:9)
  A soldier ant (D:10)
  Duvessa (D:4)
  A porcupine (shapeshifter) (D:11)
  4 phantoms
  2 orc warriors (D:11)
  A sky beast (D:11)
  2 ice beasts
  A necrophage (D:11)
  2 wolves
  8 ogres
  4 centaurs
  A big kobold (D:8)
  4 bullfrogs
  Blork the orc (D:9)
  Dowan (D:4)
  A water moccasin zombie (D:8)
  A water moccasin skeleton (D:8)
  3 scorpions
  6 killer bees (D:10)
  11 wights
  A bullfrog zombie (D:5)
  9 howler monkeys
  6 crimson imps
  2 orc priests
  A centaur skeleton (D:9)
  5 hounds
  Crazy Yiuf (D:6)
  3 bullfrog skeletons
  2 jellies
  3 iguanas
  7 orc wizards
  8 worker ants
  2 worker ant zombies
  Robin (D:4)
  3 gnolls (D:2)
  2 howler monkey skeletons
  13 adders
  A shadow imp (D:10)
  An ooze (D:1)
  3 adder zombies
  6 worms
  A dart slug (D:1)
  2 leopard geckos
  44 orcs
  6 giant cockroaches
  17 goblins
  12 hobgoblins
  14 jackals
  6 quokkas
  A ball python (D:6)
  9 bats
  5 frilled lizards
  3 jackal skeletons
  8 kobolds
  A leopard gecko skeleton (D:4)
  10 rats
304 creatures vanquished.

Notes
Turn   | Place    | Note
-------+----------+-------------------------------------------
     0 | D:1      | Marnok the Minotaur Fighter began the quest for the Orb.
     0 | D:1      | Reached XP level 1. HP: 19/19 MP: 0/0
   121 | D:1      | Reached XP level 2. HP: 23/27 MP: 1/1
   264 | D:1      | Reached skill level 3 in Long Blades
   291 | D:1      | Reached XP level 3. HP: 33/33 MP: 2/2
   839 | D:2      | Found a deep blue altar of Sif Muna.
   983 | D:2      | Reached XP level 4. HP: 38/41 MP: 3/3
   998 | D:2      | Gained mutation: You are frail. (-10% HP) [potion of
                  | mutation]
   998 | D:2      | Lost mutation: You are frail. (-10% HP) [potion of
                  | mutation]
   998 | D:2      | Gained mutation: You are dopey. (Int -2) [potion of
                  | mutation]
   998 | D:2      | Lost mutation: You are dopey. (Int -2) [potion of mutation]
  1065 | D:2      | Found a shattered altar of Ashenzari.
  1286 | D:2      | Reached skill level 1 in Dodging
  1688 | D:3      | Found an iron altar of Okawaru.
  1711 | D:3      | Reached skill level 4 in Long Blades
  1711 | D:3      | Reached XP level 5. HP: 36/47 MP: 4/4
  1895 | D:3      | Found a bloodstained altar of Trog.
  2389 | D:5      | Entered Level 5 of the Dungeon
  2399 | D:4      | Noticed Robin
  2425 | D:4      | Killed Robin
  2687 | D:4      | Reached skill level 5 in Armour
  2687 | D:4      | Reached XP level 6. HP: 39/53 MP: 5/5
  2704 | D:4      | Reached skill level 5 in Long Blades
  2704 | D:4      | Reached skill level 5 in Shields
  2989 | D:4      | Reached XP level 7. HP: 42/60 MP: 6/6
  2991 | D:4      | Reached skill level 5 in Fighting
  3021 | D:4      | Found a stormy altar of Qazlal.
  3094 | D:4      | Noticed Dowan
  3096 | D:4      | Noticed Duvessa
  3124 | D:4      | Killed Duvessa
  3124 | D:4      | Reached skill level 1 in Polearms
  3796 | D:4      | Killed Dowan
  4025 | D:5      | Reached XP level 8. HP: 16/69 MP: 7/7
  4556 | D:5      | Found a staircase to the Ecumenical Temple.
  4711 | Temple   | Entered the Ecumenical Temple
  5000 | D:6      | Reached skill level 5 in Polearms
  5138 | D:6      | Found Zin's Purification Station.
  5144 | D:6      | Found a glowing silver altar of Zin.
  5147 | D:6      | Bought 2 potions of curing for 180 gold pieces
  5192 | D:6      | Found a white marble altar of Elyvilon.
  5262 | D:6      | Found a sparkling altar of Nemelex Xobeh.
  5518 | D:6      | Found a runed translucent door.
  5519 | D:6      | Noticed Crazy Yiuf
  5527 | D:6      | Killed Crazy Yiuf
  5585 | D:6      | Found a hide-covered altar of Uskayaw.
  5608 | D:6      | Found Quuhuita's Book Shoppe.
  5884 | D:7      | Reached skill level 1 in Stealth
  5926 | D:8      | Noticed Grum
  5954 | D:7      | Found an ornate altar of the Wu Jian Council.
  5954 | D:7      | Found a radiant altar of Vehumet.
  5964 | D:7      | Became a worshipper of the Wu Jian Council
  5980 | D:7      | Noticed a hippogriff
  5988 | D:7      | Killed a hippogriff
  5988 | D:7      | Reached XP level 9. HP: 21/78 MP: 8/8
  6859 | D:8      | Killed Grum
  6969 | D:8      | Reached skill level 5 in Dodging
  7128 | D:8      | Reached * piety under Wu Jian
  7252 | D:8      | Got a warped quarterstaff
  7487 | D:9      | Noticed Blork the orc
  7490 | D:9      | Noticed Eustachio
  7494 | D:9      | Killed Blork the orc
  7503 | D:9      | Killed Eustachio
  7503 | D:9      | Reached XP level 10. HP: 61/88 MP: 9/9
  7617 | D:9      | Got a jewelled double sword
  7618 | D:9      | Identified the +10 double sword of Xutiesch {drain, rF-
                  | MR++ Int+7} (You found it on level 9 of the Dungeon)
  7859 | D:9      | Reached skill level 6 in Long Blades
  7902 | D:10     | Entered Level 10 of the Dungeon
  7902 | D:10     | Noticed Psyche
  8110 | D:9      | Noticed a cyclops
  8120 | D:9      | Killed a cyclops
  8586 | D:10     | Found a staircase to the Lair.
  8604 | D:10     | Reached ** piety under Wu Jian
  8606 | D:10     | Killed an unseen horror
  8606 | D:10     | Reached skill level 7 in Long Blades
  8655 | D:10     | Killed Psyche
  8954 | D:10     | Reached skill level 8 in Long Blades
  9055 | D:10     | Reached skill level 9 in Long Blades
  9329 | D:10     | Reached XP level 11. HP: 95/95 MP: 10/10
  9352 | D:11     | Noticed a deep elf mage
  9639 | D:11     | Killed a deep elf mage
  9702 | D:11     | Noticed Urug
  9712 | D:11     | Killed Urug
  9712 | D:11     | Reached skill level 10 in Long Blades
  9868 | D:11     | Reached *** piety under Wu Jian
 10690 | D:11     | Noticed a tengu warrior
 10705 | D:11     | Killed a tengu warrior
 10705 | D:11     | Reached skill level 11 in Long Blades
 10732 | D:11     | Noticed a two-headed ogre
 10737 | D:11     | Killed a two-headed ogre
 10766 | D:11     | Slain by a gargoyle

Skill      XL: |  1  2  3  4  5  6  7  8  9 10 11 |
---------------+----------------------------------+-----
Fighting       | 4 5 6 7 8 9 |  9.6
Long Blades    | 3 4 5 9 11 | 11.5
Shields        | 4 5 6 8 9 |  9.6
Armour         | 4 5 6 |  6.7
Dodging        | 1 2 4 5 6 7 |  7.0
Polearms       | 3 6 8 9 |  9.2
Stealth        | 1 2 4 |  4.6

Action                   |  1- 3 |  4- 6 |  7- 9 | 10-12 || total
-------------------------+-------+-------+-------+-------++-------
Melee: Long sword        |   120 |   144 |       |       ||   264
       Headbutt          |    16 |    23 |    62 |    53 ||   154
       Spear             |       |    27 |   349 |       ||   376
       Double sword      |       |       |       |   260 ||   260
Invok: Lunge             |       |       |    10 |    30 ||    40
       Whirlwind         |       |       |     1 |    15 ||    16
Evoke: Wand              |       |       |       |     1 ||     1
  Use: Potion            |       |     9 |       |     3 ||    12
       Scroll            |       |       |    18 |       ||    18
 Stab: Sleeping          |       |       |     4 |     9 ||    13
       Distracted        |       |       |       |     1 ||     1
  Eat: Chunk             |       |     6 |    11 |    10 ||    27
       Ration            |       |       |     2 |       ||     2
Armor: Scale mail        |    51 |    73 |     4 |       ||   128
       Skin              |       |     1 |       |       ||     1
       Robe              |       |       |    51 |    25 ||    76
       Chain mail        |       |       |       |    13 ||    13
Dodge: Dodged            |    35 |    66 |   119 |    72 ||   292
Block: Shield            |    50 |   120 |   132 |   121 ||   423
       Rpst.: Long sword |     7 |    15 |       |       ||    22
       Double sword      |       |       |       |    17 ||    17
